 Dungeon Crawl Stone Soup version 0.22-a0-292-g0df9d5f (webtiles) character file.

7126 FrankyJ the Spear-Bearer (level 11, -6/81 HPs)
             Began as a Formicid Fighter on Mar 23, 2018.
             Was a Believer of Hepliaklqana.
             Mangled by a five-headed hydra (11 damage)
             ... on level 9 of the Dungeon.
             The game lasted 00:30:58 (7422 turns).

FrankyJ the Spear-Bearer (Formicid Fighter)         Turns: 7422, Time: 00:30:59

Health: -6/81      AC: 10    Str: 21    XL:     11   Next: 31%
Magic:  20/20      EV:  9    Int: 10    God:    Hepliaklqana [**....]
Gold:   383        SH: 11    Dex: 13    Spells: 8/10 levels left

rFire    . . .     SeeInvis +   a - +1 trident (freeze)
rCold    . . .     Gourm    .   c - +0 shield
rNeg     . . .     Faith    .   b - +0 scale mail
rPois    .         Spirit   .   (helmet unavailable)
rElec    .         Reflect  .   (no cloak)
rCorr    .         Harm     .   v - +2 pair of gloves
MR       +....                  (no boots)
Stlth    ..........             (no amulet)
HPRegen  0.23/turn              q - +2 ring of intelligence
MPRegen  0.17/turn              D - ring of magical power

@: no status effects
A: permanent stasis, dig shafts and tunnels, four strong arms, reduced essence,
antennae 3
a: Dig, Shaft Self, Recall Ancestor, Ancestor Identity, Renounce Religion


You were on level 9 of the Dungeon.
You worshipped Hepliaklqana.
Hepliaklqana was pleased with you.
You were not hungry.

You visited 2 branches of the dungeon, and saw 10 of its levels.

You collected 603 gold pieces.
You spent 220 gold pieces at shops.

Inventory:

Hand Weapons
 a - a +1 trident of freezing (weapon)
 h - a +1 mace of holy wrath
 u - a +0 antimagic long sword
 J - a +1 hand axe of venom
 N - a +2 vampiric halberd
Missiles
 k - 48 poisoned needles
 H - 9 tomahawks (quivered)
 K - a throwing net
 M - 4 tomahawks of returning
Armour
 b - a +0 scale mail (worn)
 c - a +0 shield (worn)
 i - a +0 pair of gloves
 v - a +2 pair of gloves (worn)
Magical Staves
 w - an uncursed staff of cold {unknown}
 x - an uncursed staff of conjuration {unknown}
Jewellery
 q - a +2 ring of intelligence (left hand)
 D - a ring of magical power (right hand)
Wands
 e - a wand of clouds (4)
 l - a wand of enslavement (10)
 n - a wand of random effects (42)
 p - a wand of iceblast (10)
 A - a wand of digging (15)
Scrolls
 m - 4 scrolls of identify
 r - 2 scrolls of fog
 y - a scroll of vulnerability {unknown}
 F - 4 scrolls of amnesia {unknown}
 I - a scroll of torment {unknown}
 L - a scroll of fear {unknown}
Potions
 d - 3 potions of might
 g - a potion of flight {unknown}
 o - 2 potions of curing
 s - 3 potions of heal wounds
 t - a potion of cancellation {unknown}
 z - 2 potions of ambrosia {unknown}
 B - a potion of mutation {unknown}
 C - a potion of lignification {unknown}
 E - 2 potions of brilliance {unknown}
 G - a potion of berserk rage {unknown}
Comestibles
 f - 14 rations
 j - 18 chunks of flesh


   Skills:
 - Level 10.1 Fighting
 + Level 12.4 Polearms
 - Level 3.3 Armour
 - Level 9.0 Shields


You had 8 spell levels left.
You knew the following spells:

 Your Spells              Type           Power        Failure   Level  Hunger
a - Passwall              Tmut/Erth      #.........   83%         2    ###....


Dungeon Overview and Level Annotations

Branches:
Dungeon (9/15)             Temple (1/1) D:4
   Lair: D:8-11         Orc: D:9-12

Altars:
Ashenzari
Cheibriados
Dithmenos
Elyvilon
Fedhas
Gozag
Hepliaklqana
Kikubaaqudgha
Makhleb
Nemelex Xobeh
Okawaru
Qazlal
Ru
Sif Muna
Trog
Uskayaw
Vehumet
Wu Jian
Xom
Yredelemnul
Zin
The Shining One

Shops:
D:7 *   D:8 %

Annotations:
D:8 Prince Ribbit


Innate Abilities, Weirdness & Mutations

You cannot be hasted, slowed, berserked, paralysed or teleported.
You can dig through walls and to a lower floor.
Your four strong arms can wield two-handed weapons with a shield.
You have a pair of large antennae on your head. (SInv)
Your life essence is reduced to manifest your ancestor. (-10% HP)


Message History

Wield which item (- for none, * to show all)? (? for menu, Esc to quit)
Really unwield
N - a +2 vampiric halberd?
You feel the dreadful sensation subside.
Your +1 trident of freezing glows with a cold blue light!
a - a +1 trident of freezing (weapon)
The five-headed hydra bites you but does no damage.
The five-headed hydra barely misses you.
You block the five-headed hydra's attack. x2
The five-headed hydra bites you!
* * * LOW HITPOINT WARNING * * *
You barely miss the five-headed hydra.
The five-headed hydra is almost dead.
The big kobold is engulfed in noxious fumes.
You puncture the five-headed hydra! You freeze the five-headed hydra.
The five-headed hydra is almost dead.
You block the five-headed hydra's attack.
The five-headed hydra bites you!
* * * LOW HITPOINT WARNING * * *
The five-headed hydra bites you!
You die...

#............#..#.#.#.#
#............##.....#.#
#............#........#
#............#........#
####.........#####)#### ..
######).)......#§§+.P≈PP# ...
...............#K§#≈≈≈≈P# ....
...............#D##P≈P.≈##....
...........<..{#@.#.....#.....
.........###..##..'....≈..#
.)#.##........##..'..P..###
..)###.........#..'....≈#
..#.##.......#.#..#.....#
..+..+.......# ##########
..####........ { ..# .......
..# {


You could see a five-headed hydra and a big kobold.

Vanquished Creatures
  The ghost of KDsnek the Shield-Bearer, a novice FoFi of Okawaru (D:7)
  Joseph (D:7)
  A centaur zombie (D:5)
  Psyche (D:9)
  A dream sheep (D:9)
  A hippogriff (D:7)
  A yak (D:9)
  A wyvern (D:8)
  A hungry ghost (D:7)
  An ice beast (D:6)
  2 sky beasts
  3 orc warriors
  A black bear (D:8)
  2 phantoms
  A wolf (D:8)
  2 ogres
  A centaur (D:8)
  2 big kobolds (D:9)
  3 bullfrogs
  A gnoll sergeant (D:8)
  3 scorpions
  3 crimson imps (D:5)
  6 hounds
  3 bullfrog skeletons
  3 centaur skeletons
  6 orc priests
  8 orc wizards
  Ijyb (D:3)
  4 worker ants
  2 killer bee zombies (D:5)
  A hound skeleton (D:4)
  5 gnolls (D:8)
  6 adders
  A shadow imp (D:5)
  An ooze (D:4)
  3 worms
  3 dart slugs
  6 leopard geckos
  29 orcs
  5 bats
  8 giant cockroaches
  4 hobgoblins
  4 jackals
  8 quokkas
  10 frilled lizards
  5 kobolds
  4 rats
170 creatures vanquished.

Vanquished Creatures (collateral kills)
  Erica (D:8)
  A dream sheep (D:9)
  A yak (D:9)
  Grum (D:8)
  2 orc warriors
  An ogre (D:7)
  A sky beast (D:6)
  A black bear (D:6)
  2 wolves (D:8)
  A scorpion (D:7)
  2 orc wizards
  2 orc priests
  A hound (D:8)
  An iguana (D:6)
  A worker ant (D:8)
  A hound skeleton (D:8)
  2 orcs
22 creatures vanquished.

Vanquished Creatures (others)
  A battlemage (D:9)
  3 ancestors
  A fungus (D:7)
5 creatures vanquished.

Grand Total: 197 creatures vanquished

Notes
Turn   | Place    | Note
-------+----------+-------------------------------------------
     0 | D:1      | FrankyJ the Formicid Fighter began the quest for the Orb.
     0 | D:1      | Reached XP level 1. HP: 18/18 MP: 1/1
     0 | D:1      | Found a shattered altar of Ashenzari.
    72 | D:1      | Reached XP level 2. HP: 15/24 MP: 2/2
   463 | D:1      | Reached skill level 3 in Polearms
   463 | D:1      | Reached XP level 3. HP: 29/29 MP: 3/3
  1176 | D:2      | Found a faded altar of an unknown god.
  1188 | D:2      | Reached XP level 4. HP: 30/35 MP: 4/4
  1452 | D:3      | Reached skill level 4 in Polearms
  1490 | D:3      | Found a hide-covered altar of Uskayaw.
  1643 | D:3      | Found a sacrificial altar of Ru.
  1743 | D:3      | Reached XP level 5. HP: 37/41 MP: 5/5
  1825 | D:3      | Noticed Ijyb
  1867 | D:3      | Killed Ijyb
  1867 | D:3      | Reached skill level 5 in Polearms
  2044 | D:4      | Noticed a phantom
  2056 | D:4      | Reached XP level 6. HP: 38/47 MP: 6/6
  2086 | D:4      | Reached skill level 6 in Polearms
  2117 | D:4      | HP: 1/47 [phantom (4)]
  2118 | D:4      | Killed a phantom
  2640 | D:4      | Reached XP level 7. HP: 52/52 MP: 7/7
  2816 | D:4      | Found a staircase to the Ecumenical Temple.
  2825 | Temple   | Entered the Ecumenical Temple
  2898 | Temple   | Became a worshipper of Hepliaklqana the Forgotten
  3093 | D:4      | Reached skill level 7 in Polearms
  3218 | D:5      | Entered Level 5 of the Dungeon
  3360 | D:5      | Reached skill level 5 in Shields
  3740 | D:5      | Reached XP level 8. HP: 49/52 MP: 8/8
  3914 | D:5      | Found a sacrificial altar of Ru.
  4172 | D:5      | Reached * piety under Hepliaklqana
  4573 | D:6      | Found a burning altar of Makhleb.
  4645 | D:6      | Found an ornate altar of the Wu Jian Council.
  4668 | D:6      | Reached skill level 5 in Fighting
  4668 | D:6      | Reached XP level 9. HP: 54/61 MP: 9/9
  4692 | D:6      | Found a snail-covered altar of Cheibriados.
  4730 | D:6      | Found a bloodstained altar of Trog.
  4813 | D:7      | Noticed Joseph
  4842 | D:7      | Killed Joseph
  4878 | D:7      | Found Bbalio's Bounteous Boutique.
  4891 | D:7      | Bought a scroll of brand weapon for 220 gold pieces
  5134 | D:7      | Noticed KDsnek's ghost (novice FoFi)
  5338 | D:7      | Noticed a hippogriff
  5346 | D:7      | Killed a hippogriff
  5557 | D:7      | Found a stormy altar of Qazlal.
  5604 | D:7      | Reached skill level 10 in Fighting
  5604 | D:7      | Reached XP level 10. HP: 72/76 MP: 10/10
  5618 | D:7      | Killed KDsnek's ghost
  5618 | D:7      | Reached skill level 8 in Polearms
  5714 | D:7      | Found a blossoming altar of Fedhas.
  5778 | D:7      | Found a deep blue altar of Sif Muna.
  5878 | D:7      | Found a sparkling altar of Nemelex Xobeh.
  5881 | D:7      | Found a radiant altar of Vehumet.
  5882 | D:7      | Found a bloodstained altar of Trog.
  5882 | D:7      | Reached ** piety under Hepliaklqana
  5882 | D:7      | Found a basalt altar of Yredelemnul.
  5890 | D:7      | Remembered your ancestor Mr. Spooky as a battlemage
  5968 | D:8      | Noticed Grum
  5984 | D:8      | Reached skill level 9 in Polearms
  5985 | D:8      | Killed Grum
  6521 | D:8      | Noticed Erica
  6531 | D:8      | Killed Erica
  6531 | D:8      | Reached skill level 10 in Polearms
  6676 | D:8      | Reached skill level 11 in Polearms
  6712 | D:8      | Learned a level 2 spell: Passwall
  6726 | D:8      | Reached XP level 11. HP: 51/81 MP: 11/11
  6825 | D:8      | Found a stormy altar of Qazlal.
  6846 | D:8      | Found Redara's Food Shoppe.
  7038 | D:8      | Noticed Prince Ribbit
  7204 | D:9      | Noticed Psyche
  7211 | D:9      | Killed Psyche
  7371 | D:9      | Reached skill level 12 in Polearms
  7409 | D:9      | Noticed a two-headed hydra
  7422 | D:9      | Mangled by a five-headed hydra

Vault maps used:
D:1:      dpeg_arrival_tiny_b, ashenzari_altar_1
D:2:      chequers_ecumenical_altar_simple_redux
D:3:      eat_drink_and_be_merry_uskayaw, first_ration, nicolae_ru_awakened_eye,
          uniq_ijyb
D:4:      minmay_temple_entry_overgrown
D:5:      lemuel_crystal_altar
D:6:      overflow_temple_1_default, marbit_many_paths, kennysheep_mini_moat,
          basic_altar
D:7:      grunt_temple_overflow_forces_of_nature, lemuel_crystal_altar,
          grunt_temple_overflow_open, nicolae_alphabet_shops, uniq_joseph
D:8:      serial_shops, nicolae_shop_window_shopping, grunt_qazlal_clouds,
          uniq_prince_ribbit1, uniq_erica, uniq_grum
D:9:      hangedman_ranch, uniq_pikel, uniq_psyche
Temple:   cyrus_temple_forest

Skill      XL: |  1  2  3  4  5  6  7  8  9 10 11 |
---------------+----------------------------------+-----
Polearms       | 3 4 5 6 7 11 12 | 12.4
Shields        | 8 9 |  9.0
Fighting       | 5 10 | 10.1
Armour         | |  3.3

Action                   |  1- 3 |  4- 6 |  7- 9 | 10-12 || total
-------------------------+-------+-------+-------+-------++-------
Melee: Trident           |   106 |   163 |   323 |   151 ||   743
       Halberd           |       |       |       |    79 ||    79
Invok: Ancestor Identity |       |       |     1 |       ||     1
       Ancestor Life: Ba |       |       |       |     1 ||     1
 Abil: Dig               |     5 |     2 |     2 |     5 ||    14
Evoke: Wand              |       |       |       |     1 ||     1
  Use: Scroll            |     4 |     2 |     3 |     1 ||    10
       Potion            |       |     1 |     3 |       ||     4
 Stab: Invisible         |       |       |       |     3 ||     3
  Eat: Chunk             |       |     7 |    12 |     4 ||    23
       Ration            |       |       |       |     2 ||     2
Armor: Scale mail        |    49 |    73 |    52 |    38 ||   212
Dodge: Dodged            |    28 |    36 |    58 |    41 ||   163
Block: Shield            |    45 |    70 |   131 |    84 ||   330

Table legend:
 A = Spawn XP
 B = Non-spawn XP
 C = Spawn XP percentage of total XP
 D = Spawn monster count
 E = Non-spawn monster count
 F = Spawn count percentage of total count
 G = Total turns spent on level
                    A         B        C        D         E        F      G
               +---------+---------+-------+---------+---------+-------+---------
         Total |       0 |   10181 |   0.0 |       0 |     192 |   0.0 |  7422
               +---------+---------+-------+---------+---------+-------+---------
           D:1 |       0 |      31 |   0.0 |       0 |      18 |   0.0 |   588
           D:2 |       0 |      53 |   0.0 |       0 |      12 |   0.0 |   861
           D:3 |       0 |     116 |   0.0 |       0 |      17 |   0.0 |   594
           D:4 |       0 |     406 |   0.0 |       0 |      22 |   0.0 |  1300
           D:5 |       0 |    1019 |   0.0 |       0 |      24 |   0.0 |   988
           D:6 |       0 |     520 |   0.0 |       0 |       9 |   0.0 |   373
           D:7 |       0 |    2627 |   0.0 |       0 |      23 |   0.0 |  1010
           D:8 |       0 |    3191 |   0.0 |       0 |      44 |   0.0 |  1319
           D:9 |       0 |    2218 |   0.0 |       0 |      23 |   0.0 |   274
               +---------+---------+-------+---------+---------+-------+---------
